 Dungeon Crawl Stone Soup version 0.27-a0-520-gb83adbd1c9 (webtiles) character file.

Game seed: 11953367087730826366

28 Allula97 the Skirmisher (level 2, -4/24 HPs)
             Began as a Demonspawn Fighter on Mar 4, 2021.
             Slain by a worm (6 damage)
             ... on level 2 of the Dungeon.
             The game lasted 00:01:33 (1392 turns).

Allula97 the Skirmisher (Demonspawn Fighter)        Turns: 1392, Time: 00:01:33

Health: -4/24      AC: 10    Str: 16    XL:     2   Next: 96%
Magic:  2/2        EV:  7    Int:  9    God:
Gold:   74         SH:  8    Dex: 12    Spells: 1/1 levels left

rFire    . . .     SeeInvis .   a - +0 long sword
rCold    . . .     Faith    .   c - +0 kite shield
rNeg     . . .     Spirit   .   b - +0 scale mail
rPois    .         Reflect  .   (no helmet)
rElec    .         Harm     .   (no cloak)
rCorr    .         Rampage  .   (no gloves)
Will     .....                  (no boots)
Stlth    ..........             (no amulet)
HPRegen  0.08/turn              e - +4 ring of protection
MPRegen  0.08/turn              (no ring)

@: no status effects
A: demonic magic 1
a: no special abilities


You were on level 2 of the Dungeon.
You visited 1 branch of the dungeon, and saw 2 of its levels.

You collected 74 gold pieces.

Inventory:

Hand Weapons
 a - a +0 long sword (weapon)
Armour
 b - a +0 scale mail (worn)
 c - a +0 kite shield (worn)
Jewellery
 e - a +4 ring of protection (left hand)
 f - an amulet of faith
Wands
 l - a wand of paralysis (12)
Scrolls
 g - a scroll of magic mapping {unknown}
 h - a scroll of enchant armour {unknown}
 i - a scroll of teleportation {unknown}
Potions
 d - a potion of might
 j - 2 potions of curing {unknown}
 k - a potion of invisibility {unknown}


   Skills:
 * Level 3.2 Fighting
 * Level 2.1 Long Blades
 * Level 3.0 Armour
 * Level 0.5 Dodging
 * Level 2.9 Shields
 * Level 0.3 Spellcasting


You had one spell level left.
You didn't know any spells.
Your spell library was empty.

Dungeon Overview and Level Annotations

Branches:
Dungeon (2/15)

Altars:


Innate Abilities, Weirdness & Mutations

Spells you cast may paralyse adjacent enemies.


Message History

You now have 59 gold pieces (gained 10).
k - a blue potion
Found a stone staircase leading down.
Found a stone staircase leading up.
There is a stone staircase leading down here.
There is a stone staircase leading up here.
Found a stone staircase leading down.
Found a stone staircase leading down.
You now have 74 gold pieces (gained 15).
There is a stone staircase leading down here.
Found a hand axe.
Found 24 arrows.
Found a dagger.
Found 24 stones.
You see here a +0 dagger.
You see here 24 stones.
Found a ring mail.
j - 2 dark potions (gained 1)
You see here a +0 ring mail.
Found 21 arrows.
l - a wand of paralysis (12)
You see here 21 arrows.
A worm comes into view.
You hit the worm.
The worm is moderately wounded.
The worm closely misses you.
You hit the worm.
The worm is moderately wounded.
The worm bites you!
You barely miss the worm.
The worm is moderately wounded.
The worm bites you!
You barely miss the worm.
The worm is moderately wounded.
The worm bites you!
* * * LOW HITPOINT WARNING * * *
You barely miss the worm.
The worm is moderately wounded.
The worm bites you.
You die...

#. ####.##.# ###.#
#..[....# ...# #.#####.#
###..#####.# #.#
..........# #..
#..#####.# #.. ..#
###..#####.#####..
.....##....(............
#...w@...#............
##.##.#.######.######.
#.#.# #.# ....# #.# #.
##.### #.# #. #.# ..# ##
#.# ### #.#


You could see a worm.

Vanquished Creatures
  An ooze (D:1)
  A giant cockroach (D:1)
  2 goblins
  3 hobgoblins
  5 jackals
  3 frilled lizards
  2 kobolds
  6 rats
23 creatures vanquished.

Vanquished Creatures (others)
  9 fungi (D:2)
  4 toadstools (D:2)
13 creatures vanquished.

Grand Total: 36 creatures vanquished

Notes
Turn   | Place    | Note
-------+----------+-------------------------------------------
     0 | D:1      | Allula97 the Demonspawn Fighter began the quest for the
                  | Orb.
     0 | D:1      | Reached XP level 1. HP: 18/18 MP: 1/1
   248 | D:1      | Gained mutation: Spells you cast may paralyse adjacent
                  | enemies. [demonic ancestry]
   248 | D:1      | Reached XP level 2. HP: 24/24 MP: 2/2
  1392 | D:2      | Slain by a worm

Illustrated notes

Levels and vault maps discovered:
D:1:      matt_arrival_spirals, layout_basic, nrook_mini_vaults
D:2:      minmay_razor_zed, layout_loops_ring,
          yredelemnul_forgotten_temple_becter, minmay_gold_behind_fungi

Skill      XL: |  1  2 |
---------------+-------+-----
Long Blades    | 2 |  2.1
Armour         | 3 |  3.0
Fighting       | |  3.2
Dodging        | |  0.5
Shields        | |  2.9
Spellcasting   | |  0.3

Action                   || total
-------------------------++-------
Melee: Long sword        ||    65
Armor: Scale mail        ||    38
Dodge: Dodged            ||    16
Block: Kite shield       ||    27
       Rpst.: Long sword ||     3

Table legend: (Time is in decaauts)
 A = Elapsed time spent in this place.
 B = Non-inter-level travel time spent in this place.
 C = Inter-level travel time spent in this place.
 D = Time resting spent in this place.
 E = Time spent auto-exploring this place.
 F = Levels seen in this place.
 G = Mean time per level.
                   A        B        C        D        E       F      G
               +--------+--------+--------+--------+--------+-----+--------+
         Total |   1426 |   1354 |     72 |      0 |   1124 |   2 |  713.0 |
       Dungeon |   1426 |   1354 |     72 |      0 |   1124 |   2 |  713.0 |
               +--------+--------+--------+--------+--------+-----+--------+

Top non-repeatable levels by time:
     D:1: 1031 daAuts
     D:2: 394 daAuts
